Map: Overgrowth LE (Void)

Players

Charlie - Winner!

  • Race: Zerg Zerg
  • League: Diamond
  • Spawn Location: 1:00

Musumeci

  • Race: Zerg Zerg
  • League: Diamond
  • Spawn Location: 7:00

VOD

Have the link to the VOD?

Description

Time

  • Played on: Jan. 15, 2017, 1:01 p.m.
  • Length: 6:24
Show
View Real Time Build Order
Export as new Build Order

Charlie Zerg - Winner!

Build Orders: Pool Only 

Get SALT Encoding   

  12  0:17  Spawning Pool  
  11  0:22  Drone  
  11  0:26  Drone  
  13  0:31  Drone  
  14  0:39  Overlord  
  14  0:47  Extractor  
  13  1:05  Zergling x6  
  13  1:06  Queen  
  18  1:16  Zergling x2  
  19  1:27  Zergling x2  
  20  1:38  Zergling x2  
  21  1:48  Metabolic Boost  
  21  1:49  Overlord  
  21  2:10  Drone x2  
  22  2:16  Drone  
  22  2:17  Drone x2  
  25  2:29  Drone  
  26  2:34  Roach Warren  
  26  2:35  Drone  
  26  2:46  Drone  
  27  2:51  Overlord  
  27  2:52  Overlord  
  27  3:04  Zergling x4  
  29  3:14  Roach  
  29  3:17  Extractor  
  29  3:19  Drone  
  32  3:20  Drone x2  
  31  3:38  Roach x2  
  34  3:46  Roach  
  36  3:50  Roach x3  
  42  3:59  Roach  
  44  4:08  Overlord  
  44  4:25  Overlord  
  44  4:28  Roach x3  
  50  4:35  Ravager x2  
  50  4:36  Ravager  
  50  4:38  Overlord  
  53  4:49  Zergling x2  
  54  4:56  Zergling x4  
  54  4:57  Zergling x2  
  57  5:02  Zergling x2  
  57  5:04  Ravager  
  57  5:05  Ravager x2  
  61  5:26  Zergling x2  
  61  5:27  Zergling x8  
  50  5:55  Drone x2  
  52  6:02  Drone  
  53  6:09  Drone  
Show
View Real Time Build Order
Export as new Build Order

Musumeci Zerg 

Build Orders: Pool First 

Get SALT Encoding   

  12  0:01  Drone  
  13  0:22  Spawning Pool  
  12  0:32  Drone  
  12  0:33  Extractor  
  12  0:35  Drone  
  13  0:40  Overlord  
  13  1:07  Drone  
  13  1:10  Roach Warren  
  13  1:11  Overlord  
  13  1:24  Zergling x2, Extractor  
  13  1:49  Roach x3  
  18  2:11  Roach x2  
  22  2:27  Drone  
  23  2:42  Drone  
  24  3:03  Hatchery  
  23  3:12  Queen  
  23  3:16  Roach  
  27  3:45  Hatchery  
  26  3:58  Roach x2  
  26  4:01  Overlord  
  30  4:21  Roach x2  
  34  4:28  Roach x2  
  38  4:36  Overlord  
  38  4:55  Roach x2  
  42  5:03  Roach  
  44  5:12  Overlord  
  44  5:34  Overlord  
  24  5:51  Roach  
  24  5:52  Roach x2  
  20  6:05  Roach  
Tags
 
Add a new tag
Caveats
  • Supply blocks, unpowered buildings, or Contaminate may cause inaccurate times.
  • Supply counts are checked every 10 seconds.